Map: 2000 Atmospheres LE

Players

Rogue - Winner!

  • Race: Zerg Zerg

Maru

  • Race: Terran Terran

Event: DreamHack SC2 Masters 2021 Winter

VOD

Have the link to the VOD?

Description

Time

  • Played on: Nov. 14, 2021, 10:29 a.m.
  • Length: 8:36

All games in this series

Show
View Real Time Build Order
Export as new Build Order

Rogue Zerg - Winner!

Build Orders: Hatch First 

Get SALT Encoding   

  12  0:00  Drone  
  13  0:13  Overlord  
  13  0:17  Drone  
  14  0:32  Drone x2  
  16  0:49  Hatchery  
  15  0:52  Drone  
  15  0:55  Drone  
  17  0:58  Drone  
  18  1:09  Extractor  
  17  1:14  Spawning Pool  
  17  1:16  Drone  
  17  1:20  Drone  
  18  1:30  Drone  
  19  1:39  Drone  
  20  1:50  Drone  
  21  2:00  Queen x2  
  25  2:01  Zergling x4  
  27  2:12  Overlord  
  27  2:13  Zergling x2  
  28  2:21  Hatchery  
  27  2:25  Drone  
  28  2:34  Drone x3  
  31  2:39  Queen  
  33  2:44  Metabolic Boost  
  33  2:50  Overlord  
  33  2:53  Drone  
  33  2:56  Drone  
  33  2:58  Drone  
  36  3:12  Drone x5  
  41  3:15  Queen  
  43  3:20  Overlord  
  43  3:22  Drone  
  44  3:34  Queen  
  44  3:36  Drone x2  
  46  3:41  Drone  
  46  3:42  Drone  
  46  3:47  Drone x6  
  53  3:52  Extractor  
  53  3:53  Lair  
  52  3:58  Queen  
  52  4:01  Drone  
  55  4:05  Zergling x4  
  55  4:08  Overlord  
  57  4:10  Overlord  
  57  4:15  Overlord  
  57  4:18  Spore Crawler  
  57  4:20  Spore Crawler  
  57  4:23  Spore Crawler  
  54  4:26  Drone x3  
  54  4:28  Drone  
  54  4:29  Drone  
  54  4:30  Drone  
  60  4:35  Zergling x6  
  63  4:39  Drone x2  
  63  4:41  Drone x2  
  67  4:46  Extractor  
  67  4:47  Extractor  
  67  4:51  Overseer  
  64  4:54  Spire, Spore Crawler  
  64  4:56  Drone x2  
  64  4:58  Drone  
  64  4:59  Drone  
  66  5:02  Drone x2  
  66  5:03  Drone  
  68  5:07  Drone, Extractor x2  
  68  5:08  Drone  
  68  5:10  Drone  
  68  5:13  Drone  
  70  5:19  Drone x4  
  70  5:20  Baneling Nest  
  72  5:21  Drone  
  72  5:25  Drone x3  
  76  5:30  Overlord  
  76  5:34  Drone x3  
  78  5:38  Overlord  
  78  5:42  Overlord  
  78  5:45  Drone x2  
  78  5:48  Drone x3  
  81  6:01  Drone x3, Overlord  
  84  6:13  Mutalisk x2  
  84  6:14  Mutalisk x5  
  84  6:16  Mutalisk  
  84  6:17  Mutalisk  
  101  6:21  Zergling x2  
  101  6:22  Zergling x8  
  106  6:30  Drone x2  
  106  6:31  Zergling x4, Evolution Chamber x2  
  108  6:38  Baneling  
  108  6:39  Baneling x3  
  108  6:41  Hatchery  
  108  6:43  Zergling x2  
  108  6:44  Zergling x6  
  111  6:49  Overlord  
  102  7:03  Mutalisk x2  
  105  7:10  Overlord  
  103  7:17  Mutalisk x2  
  103  7:18  Mutalisk x3  
  112  7:22  Mutalisk  
  112  7:26  Zergling x12  
  112  7:29  Mutalisk x2  
  118  7:37  Mutalisk  
  118  7:38  Mutalisk  
  118  7:44  Zergling x2  
  122  7:48  Hatchery  
  122  7:50  Mutalisk x2  
  117  7:54  Zergling x2  
  117  7:55  Zergling x16  
  118  8:01  Mutalisk  
  119  8:08  Mutalisk  
  119  8:12  Zergling x4  
Show
View Real Time Build Order
Export as new Build Order

Maru Terran 

Build Orders: Gas First Reaper Expand, Banshee Rush 

Get SALT Encoding   

  12  0:00  SCV  
  13  0:12  SCV  
  14  0:17  Supply Depot  
  14  0:24  SCV  
  15  0:28  Refinery  
  15  0:38  SCV  
  16  0:44  Barracks  
  16  0:50  SCV  
  17  1:02  SCV  
  18  1:15  SCV  
  19  1:31  Reaper, Orbital Command  
  20  1:41  Command Center  
  20  1:52  Factory  
  20  1:56  SCV  
  21  2:07  Barracks Reactor  
  21  2:08  SCV  
  21  2:12  Supply Depot  
  21  2:15  Refinery  
  22  2:20  SCV  
  23  2:34  SCV  
  24  2:42  Starport  
  24  2:46  SCV  
  24  2:50  Hellion  
  24  2:51  Hellion  
  29  2:56  Orbital Command  
  29  2:58  Barracks Tech Lab, SCV  
  30  3:10  SCV  
  30  3:12  Hellion  
  33  3:22  SCV  
  33  3:24  Banshee  
  33  3:25  Supply Depot  
  37  3:28  Cloaking Field  
  37  3:30  SCV  
  37  3:33  Barracks Tech Lab  
  38  3:34  SCV  
  39  3:42  SCV  
  39  3:47  SCV  
  40  3:52  Stimpack, Marine  
  40  3:54  SCV  
  42  3:59  SCV  
  43  4:06  SCV  
  43  4:07  Command Center  
  44  4:10  Banshee  
  44  4:11  SCV  
  44  4:12  Marine  
  49  4:18  SCV  
  49  4:20  Supply Depot  
  49  4:23  SCV  
  51  4:28  Factory Reactor  
  51  4:31  SCV  
  52  4:33  Barracks  
  52  4:35  SCV  
  52  4:37  Barracks  
  53  4:42  Marine  
  53  4:43  SCV  
  55  4:47  SCV  
  55  4:48  Engineering Bay  
  55  4:52  Engineering Bay  
  56  4:55  SCV  
  56  4:59  SCV  
  58  5:03  Starport Reactor  
  58  5:07  SCV, Marine  
  58  5:11  SCV  
  61  5:18  Factory Reactor  
  61  5:19  SCV  
  61  5:20  Orbital Command  
  62  5:22  Terran Infantry Weapons Level 1, Terran Infantry Armor Level 1  
  62  5:23  SCV  
  62  5:24  Refinery  
  63  5:30  Marine x2  
  63  5:31  SCV, Marine x3  
  63  5:33  Supply Depot  
  63  5:34  Supply Depot  
  69  5:35  SCV  
  70  5:43  SCV  
  70  5:48  SCV, Marine x3  
  75  5:50  Medivac  
  75  5:55  Medivac, SCV  
  75  5:56  Refinery, Orbital Command  
  80  5:58  Widow Mine  
  80  6:00  SCV  
  80  6:03  Barracks  
  80  6:04  Supply Depot, Barracks  
  83  6:05  Supply Depot  
  83  6:07  SCV  
  83  6:09  Combat Shield  
  83  6:10  Marine x2  
  83  6:11  Marine  
  87  6:17  SCV  
  88  6:19  SCV  
  88  6:23  SCV  
  90  6:28  Widow Mine x2  
  90  6:29  SCV  
  90  6:31  Medivac  
  90  6:32  SCV  
  98  6:34  Marine  
  98  6:35  Supply Depot, SCV  
  98  6:39  Marine x2  
  102  6:43  Supply Depot, Marine x2  
  102  6:44  SCV  
  105  6:47  Medivac  
  105  6:49  SCV x2  
  105  6:56  SCV  
  105  7:00  Marine  
  105  7:01  SCV x2, Marine x2  
  92  7:02  Missile Turret  
  92  7:05  Marine  
  92  7:07  Barracks Reactor x2  
  92  7:08  Missile Turret x2, SCV  
  94  7:13  SCV  
  88  7:16  SCV, Marine  
  88  7:18  Marine x2  
  88  7:19  Marine  
  90  7:23  Marine  
  79  7:31  Widow Mine x2  
  79  7:33  SCV, Marine  
  79  7:36  Marine x3  
  79  7:37  Medivac  
  89  7:39  SCV  
  89  7:41  Marine  
  86  7:51  Armory, Marine x3  
  84  7:52  Widow Mine, Medivac  
  84  7:53  SCV  
  84  7:54  Marine x3  
  84  7:55  Marine x2  
  84  7:56  SCV  
  90  7:59  Marine  
  87  8:08  Marine x2  
  87  8:09  Marine  
  87  8:12  Marine x4  
  81  8:13  Marine  

Tags
 
Add a new tag
Caveats
  • Supply blocks, unpowered buildings, or Contaminate may cause inaccurate times.
  • Supply counts are checked every 10 seconds.